 Dungeon Crawl Stone Soup version 0.31.0-11-ge490571c62 (webtiles) character file.

Game seed: 12371506566656492085

22 Bobbunny the Sneak (level 3, -2/29 HPs)
             Began as a Formicid Delver on Feb 3, 2024.
             Slain by a cerulean imp
             ... wielding a +1 spear
             ... summoned by Natasha
              (4 damage)
             ... on level 3 of the Dungeon.
             The game lasted 00:01:18 (454 turns).

Bobbunny the Sneak (Formicid Delver)                 Turns: 454, Time: 00:01:18

Health: -2/29      AC:  3    Str: 18    XL:     3   Next: 7%
Magic:  3/3        EV: 12    Int:  9    God:
Gold:   40         SH:  0    Dex: 15    Spells: 2/2 levels left

rFire   . . .        a - +0 hand axe
rCold   . . .        (no shield)
rNeg    . . .        b - +0 leather armour
rPois   .            (helmet unavailable)
rElec   .            (no cloak)
rCorr   .            (no gloves)
SInv    +            (no boots)
Will    .....        (no amulet)
Stlth   +++          (no ring)
HPRegen 0.24/turn    (no ring)
MPRegen 0.08/turn

%: no passive effects
@: no status effects
A: permanent stasis, dig shafts and tunnels, antennae 3, four strong arms
a: Dig, Shaft Self


You were on level 3 of the Dungeon.
You visited 1 branch of the dungeon, and saw 3 of its levels.

You collected 40 gold pieces.

Inventory:

Hand Weapons
 a - a +0 hand axe (weapon)
Missiles
 g - 6 boomerangs
Armour
 b - a +0 leather armour (worn)
Jewellery
 i - the ring of Tite {Will- Int+3 SInv}
   (You found it on level 3 of the Dungeon)

   [ring of see invisible]

   Int+3:     It affects your intelligence (+3).
   Will-:     It decreases your willpower.
   SInv:      It lets you see invisible.
Wands
 f - a wand of digging (2)
Scrolls
 c - a scroll of fog
 h - a scroll of teleportation {unknown}
 k - a scroll of poison {unknown}
Potions
 d - a potion of lignification {unknown}
 e - 2 potions of might {unknown}
 j - a potion of degeneration {unknown}


   Skills:
 + Level 3.6 Fighting
 + Level 2.3 Axes
 + Level 2.1 Dodging
 + Level 6.2 Stealth


You had 2 spell levels left.
You didn't know any spells.
Your spell library was empty.

Dungeon Overview and Level Annotations

Branches:
Dungeon (5/15)
 Temple: D:4-7

Altars:

Annotations:
D:3 Natasha


Innate Abilities, Weirdness & Mutations

You cannot be hasted, slowed, berserked, paralysed or teleported.
You can dig through walls and to a lower floor.
You have a pair of large antennae on your head. (SInv)
Your four strong arms can wield two-handed weapons with a shield.


Message History

The cerulean imp is severely wounded.
You barely miss Natasha.
The cerulean imp hits you with a +1 spear.
The cerulean imp hits you from afar with a +1 spear.
Natasha claws you. The cerulean imp closely misses you.
You hit the cerulean imp but do no damage.
The cerulean imp is severely wounded.
You hit Natasha. Natasha misses you. The cerulean imp barely misses you.
The cerulean imp closely misses you.
You barely miss the cerulean imp.
The cerulean imp is severely wounded.
You hit Natasha. The cerulean imp barely misses you.
Natasha hisses.
Natasha barely misses you.
The cerulean imp hits you with a +1 spear.
You hit the cerulean imp.
The cerulean imp is severely wounded.
You hit Natasha. Natasha casts a spell at you.
Your stasis prevents you from being slowed.
The cerulean imp hits you from afar with a +1 spear.
The cerulean imp hits you with a +1 spear.
Natasha barely misses you.
The cerulean imp hits you from afar with a +1 spear.
* * * LOW HITPOINT WARNING * * *
You are too injured to fight recklessly!
You are too injured to fight recklessly!
You are too injured to fight recklessly!
You are too injured to fight recklessly!
You hit Natasha.
Natasha is moderately wounded.
You hit the cerulean imp. The cerulean imp barely misses you.
The cerulean imp hits you from afar with a +1 spear.
* * * LOW HITPOINT WARNING * * *
Natasha closely misses you.
You hit Natasha but do no damage.
Natasha is moderately wounded.
You closely miss the cerulean imp.
The cerulean imp hits you with a +1 spear.
You die...

#.....#...# #.##.#
#.....##### #.##.#
##'##########....#
#.............###
#..##########(#
#..# #.# #..# #.#
#..# #.# #@5# #.#
#.h# #.# #5.# #...
#.### ... #.# ...


You could see Natasha and 2 cerulean imps.

Vanquished Creatures
  An adder (D:3)
  2 ball pythons
  3 giant cockroaches
  2 goblins
  A hobgoblin (D:4)
  2 kobolds
  A rat (D:3)
12 creatures vanquished.

Notes
Turn   | Place    | Note
-------+----------+-------------------------------------------
     0 | D:5      | Bobbunny the Formicid Delver began the quest for the Orb.
     0 | D:5      | Reached XP level 1. HP: 18/18 MP: 1/1
    33 | D:4      | Noticed a hound
    82 | D:4      | Reached XP level 2. HP: 10/24 MP: 2/2
   166 | D:3      | Noticed Natasha
   324 | D:3      | Identified the ring of Tite {Will- Int+3 SInv}
   365 | D:3      | Reached XP level 3. HP: 20/29 MP: 3/3
   454 | D:3      | Slain by a cerulean imp

Illustrated notes

Levels and vault maps discovered:
D:3:      layout_basic, minmay_misc_feat_plants, nicolae_eternal_life,
          uniq_natasha
D:4:      layout_basic, grunt_ministairs_7, corexii_hall_statues_x
D:5:      layout_basic, enter_ossuary_1

Skill      XL: |  1  2 |
---------------+-------+-----
Dodging        | 2 |  2.1
Fighting       | |  3.6
Axes           | |  2.3
Stealth        | |  6.2

Action                     || total
---------------------------++-------
  Melee: Hand axe          ||    49
  Evoke: Wand              ||     1
    Use: Scroll            ||     2
   Stab: Sleeping          ||     7
 Armour: Leather armour    ||    36
  Dodge: Dodged            ||    35
